 Dungeon Crawl Stone Soup version 0.19.5 (webtiles) character file.

29 goddlike the Skirmisher (level 3, 0/29 HPs)
             Began as a Demonspawn Abyssal Knight on May 16, 2017.
             Was a Believer of Lugonu.
             Slain by a bullfrog (8 damage)
             ... on level 3 of the Dungeon.
             The game lasted 00:07:27 (1086 turns).

goddlike the Skirmisher (Demonspawn Abyssal Knight) Turns: 1086, Time: 00:07:28

Health: 0/29       AC:  3    Str: 10 (13) XL:     3   Next: 1%
Magic:  4/4        EV: 13    Int: 11 (13) God:    Lugonu [**....]
Gold:   33         SH:  0    Dex:  9 (12) Spells: 0 memorised, 2 levels left

rFire  . . .     SeeInvis .     a - +1 mace
rCold  . . .     Gourm    .     e - +0 leather armour
rNeg   . . .     Faith    .     (no shield)
rPois  .         Spirit   .     (no helmet)
rElec  .         Reflect  .     (no cloak)
rCorr  .         Harm     .     (no gloves)
MR     .....                    (no boots)
Stlth  +.........               (no amulet)
                                (no ring)
                                (no ring)

@: no status effects
A: repulsion field 1, rot immunity
a: Depart the Abyss, Bend Space, Renounce Religion


You were on level 3 of the Dungeon.
You worshipped Lugonu.
Lugonu was pleased with you.
You were not hungry.

You visited 1 branch of the dungeon, and saw 3 of its levels.
You visited the Abyss 1 time.

You collected 33 gold pieces.

Inventory:

Hand Weapons
 a - a +1 mace (weapon)
 h - a +0 club
 i - a +0 club
 m - a +0 club
 n - a +0 club
 p - a +0 club
 r - a +0 hunting sling
Missiles
 f - 11 stones (quivered)
Armour
 b - a +0 leather armour
 e - a +0 leather armour (worn)
 o - a cursed +0 cloak
Scrolls
 d - 3 scrolls of identify
 g - a scroll of teleportation {unknown}
 l - a scroll of remove curse {unknown}
Potions
 j - a potion of ambrosia
 k - a potion of lignification
 s - a potion of flight {unknown}
Comestibles
 c - 2 bread rations
 q - an inedible chunk of flesh


   Skills:
 + Level 3.6 Fighting
 + Level 2.2 Maces & Flails
 + Level 1.9 Armour
 + Level 1.1 Dodging
 + Level 2.5 Invocations


You had 2 spell levels left.
You didn't know any spells.

Dungeon Overview and Level Annotations

Branches:
Dungeon (3/15)

Altars:


Innate Abilities, Weirdness & Mutations

You are surrounded by a mild repulsion field. (EV +2)
You are immune to rotting.


Message History

The bullfrog hits you.
You closely miss the bullfrog. The bullfrog barely misses you.
The bullfrog hits you.
You hit the bullfrog.
The bullfrog is lightly wounded.
The bullfrog hits you! The bullfrog hits you.
You hit the bullfrog.
The bullfrog is moderately wounded.
The bullfrog hits you. The bullfrog completely misses you.
You closely miss the bullfrog.
The bullfrog is moderately wounded.
The bullfrog barely misses you. The bullfrog hits you.
You miss the bullfrog.
The bullfrog is moderately wounded.
The bullfrog hits you. x2
* * * LOW HITPOINT WARNING * * *
You hit the bullfrog.
The bullfrog is heavily wounded.
The bullfrog hits you!
You die...

*,*,#.####.#### #
*,*,#.........# #
*,*........##.# #
**,*##########.#
*,,,,,,,* #.#
***,,****,* #.#
*,,,,,,,,,* #.#
**,**############.#
*,,,,.....?F@.....#
*****##############


You could see a bullfrog.

Vanquished Creatures
  A dart slug (D:1)
  A leopard gecko (D:3)
  2 giant cockroaches
  4 goblins
  4 hobgoblins
  A ball python (D:1)
  6 bats
  A kobold (D:3)
  4 rats
24 creatures vanquished.

Notes
Turn   | Place    | Note
-------+----------+-------------------------------------------
     0 | Abyss:1  | goddlike the Demonspawn Abyssal Knight began the quest for the Orb.
     0 | Abyss:1  | Reached XP level 1. HP: 18/18 MP: 2/2
    71 | D:1      | Escaped the Abyss
    95 | D:1      | Reached skill level 1 in Dodging
   632 | D:1      | Gained mutation: You are surrounded by a mild repulsion field. (EV +2) [demonic ancestry]
   632 | D:1      | Reached XP level 2. HP: 22/24 MP: 3/3
   835 | D:2      | Reached ** piety under Lugonu
  1000 | D:3      | Gained mutation: You are immune to rotting. [demonic ancestry]
  1000 | D:3      | Reached XP level 3. HP: 24/29 MP: 4/4
  1077 | D:3      | Noticed a bullfrog
  1086 | D:3      | Slain by a bullfrog

Skill      XL: |  1 |
---------------+----+-----
Dodging        | 1 |  1.1
Maces & Flails | 2 |  2.2
Fighting       | |  3.6
Armour         | |  1.9
Invocations    | |  2.5

Action                   || total
-------------------------++-------
Melee: Mace              ||    71
Throw: Stone             ||     9
  Use: Scroll            ||     5
       Potion            ||     2
  Eat: Bread ration      ||     1
Armor: Leather armour    ||    43
       Skin              ||    21
Dodge: Dodged            ||    97
